 Dungeon Crawl Stone Soup version 0.21.1-72-gffa868e (webtiles) character file.

1794 Madoushi the Digger (level 9, 0/52 HPs)
             Began as a Gargoyle Earth Elementalist on Aug 5, 2018.
             Was a Follower of Vehumet.
             Slain by an orc warrior
             ... wielding a +0 halberd
              (20 damage)
             ... on level 6 of the Dungeon.
             The game lasted 00:28:14 (7372 turns).

Madoushi the Digger (Gargoyle Earth Elementalist)   Turns: 7372, Time: 00:28:15

Health: 0/52       AC: 12    Str: 12    XL:     9   Next: 9%
Magic:  12/15      EV: 14    Int: 19    God:    Vehumet [*.....]
Gold:   401        SH:  0    Dex: 12    Spells: 5/16 levels left

rFire    . . .     SeeInvis .   p - +2 dagger (drain)
rCold    . . .     Gourm    .   (no shield)
rNeg     + . .     Faith    +   x - +1 leather armour
rPois    ∞         Spirit   .   m - +1 hat
rElec    +         Reflect  .   y - +0 cloak
rCorr    .         Harm     .   (no gloves)
MR       .....                  (no boots)
Stlth    ++........             t - amulet of faith
HPRegen  0.17/turn              l - +2 ring of dexterity
MPRegen  0.14/turn              h - +1 ring of evasion

@: no status effects
A: negative energy resistance 1, electricity resistance, unbreathing,
petrification resistance, rot immunity, AC +6
a: Renounce Religion


You were on level 6 of the Dungeon.
You worshipped Vehumet.
Vehumet was aware of your devotion.
You were not hungry.

You visited 2 branches of the dungeon, and saw 7 of its levels.

You collected 401 gold pieces.

Inventory:

Hand Weapons
 a - a +0 whip
 p - a +2 dagger of draining (weapon)
Missiles
 b - 178 stones (quivered)
Armour
 c - a +0 robe
 d - a +0 helmet
 g - a +0 ring mail
 m - a +1 hat (worn)
 x - a +1 leather armour (worn)
 y - a +0 cloak (worn)
Jewellery
 h - a +1 ring of evasion (right hand)
 l - a +2 ring of dexterity (left hand)
 s - an uncursed ring of resist corrosion
 t - an amulet of faith (around neck)
 v - an uncursed ring of see invisible
 C - a +4 ring of slaying
 G - a cursed amulet of inaccuracy
Wands
 z - a wand of iceblast (6)
Scrolls
 f - 4 scrolls of remove curse
 j - 3 scrolls of teleportation {unknown}
 u - a scroll of magic mapping
 A - a scroll of amnesia {unknown}
 B - a scroll of summoning {unknown}
 E - a scroll of enchant weapon {unknown}
Potions
 i - a potion of brilliance
 k - a potion of agility {unknown}
 r - a potion of curing {unknown}
 w - 2 potions of mutation {unknown}
 D - a potion of might
Books
 e - a book of Geomancy

   Spells                             Type                      Level
   a - Sandblast                      Earth                        1
   b - Passwall                       Transmutation/Earth          2
   c - Stone Arrow                    Conjuration/Earth            3
   d - Petrify                        Transmutation/Earth          4
   e - Lee's Rapid Deconstruction     Earth                        5
 n - the Papyrus of Doomed Moulding
   (You found it on level 4 of the Dungeon)

   Spells                             Type                      Level
   a - Animate Skeleton               Necromancy                   1
   b - Spider Form                    Transmutation/Poison         3
   c - Petrify                        Transmutation/Earth          4
   d - Blade Hands                    Transmutation                5
   e - Dragon Form                    Transmutation                7
 F - a book of Changes

   Spells                             Type                      Level
   a - Beastly Appendage              Transmutation                1
   b - Sticks to Snakes               Transmutation                2
   c - Spider Form                    Transmutation/Poison         3
   d - Ice Form                       Ice/Transmutation            4
   e - Blade Hands                    Transmutation                5
Comestibles
 o - 6 rations


   Skills:
 + Level 3.6 Fighting
 + Level 5.0 Short Blades
 + Level 2.0 Maces & Flails
 + Level 3.1 Armour
 + Level 4.4 Dodging
 + Level 4.0 Stealth
 - Level 0.1 Unarmed Combat
 + Level 4.0 Spellcasting
 + Level 0.7 Transmutations
 + Level 6.3 Earth Magic


You had 5 spell levels left.
You knew the following spells:

 Your Spells              Type           Power        Failure   Level  Hunger
a - Sandblast             Erth           ####..       1%          1    None
b - Stone Arrow           Conj/Erth      ###...       14%         3    ###....
c - Passwall              Tmut/Erth      ###.......   6%          2    ##.....
d - Animate Skeleton      Necr           N/A          17%         1    None
e - Petrify               Tmut/Erth      ###.....     38%         4    ####...


Dungeon Overview and Level Annotations

Branches:
Dungeon (6/15)             Temple (1/1) D:5

Altars:
Ashenzari
Elyvilon
Gozag
Hepliaklqana
Nemelex Xobeh
Okawaru
Qazlal
Ru
Sif Muna
Trog
Vehumet
Wu Jian
Yredelemnul
Zin
The Shining One


Innate Abilities, Weirdness & Mutations

You are resistant to torment.
Your stone body is resilient. (AC +6)
You are immune to poison.
You resist negative energy. (rN+)
You are resistant to electric shocks. (rElec)
You can survive without breathing.
You are immune to petrification.
You are immune to rotting.


Message History

b - 180 stones The orc warrior closely misses you.
Casting: Sandblast
Confirm with . or Enter, or press ? or * to list all spells.
Aiming: Sandblast
Press: ? - help, Shift-Dir - straight line, f/p - orc warrior
Aim: an orc warrior, wielding a halberd and wearing a plate armour The blast of sand hits the orc warrior.
The orc warrior is lightly wounded.
b - 179 stones The orc warrior hits you from afar with a halberd.
Casting: Sandblast
Confirm with . or Enter, or press ? or * to list all spells.
Aiming: Sandblast
Press: ? - help, Shift-Dir - straight line, f/p - orc warrior
Aim: an orc warrior, wielding a halberd and wearing a plate armour (lightly wounded)
The blast of sand misses the orc warrior.
b - 178 stones The orc warrior hits you from afar with a halberd!!
You die...

#.# #.#.p##### #.# #.#..#
#####.# #.#..# ...##.# #.#..#
##.##.############ #<#..###
......##.........# ## #.#.)).#
##.#####.#######.###.###.#.##.#
#.# #.# #.##.#.#....##.# #.#
#.# #@#.#....#..##.#
##.#####.#######)##...#p..###.#
.[.............#o###.###.## #.#
##..........<......#.###.# #.#
##..####.#####...........# #.#
##..# #[........#.#.##### #.#
##..# #######....p#.# #.#
....####### #.##..#.# #.#
##........####.##..#.# #.#


You could see an orc warrior and a neutral freed slave (wandering).

Vanquished Creatures
  Pikel (D:6)
  Edmund (D:4)
  A sky beast (D:5)
  An ogre (D:6)
  2 centaurs
  Blork the orc (D:4)
  A scorpion (D:4)
  A howler monkey (D:4)
  6 hounds
  Crazy Yiuf (D:4)
  An iguana (D:4)
  Terence (D:3)
  2 orc wizards
  2 worker ants
  A hound zombie (D:6)
  A worker ant zombie (D:5)
  Robin (D:3)
  10 adders
  6 gnolls
  2 howler monkey skeletons
  A shadow imp (D:5)
  3 dart slugs
  5 worms
  7 leopard geckos
  11 orcs
  2 ball pythons
  6 giant cockroaches
  16 goblins
  11 hobgoblins
  7 jackals (D:3)
  8 kobolds
  2 quokkas
  5 bats
  A frilled lizard (D:1)
  A quokka zombie (D:5)
  4 rats
133 creatures vanquished.

Notes
Turn   | Place    | Note
-------+----------+-------------------------------------------
     0 | D:1      | Madoushi the Gargoyle Earth Elementalist began the quest for the Orb.
     0 | D:1      | Reached XP level 1. HP: 10/10 MP: 3/3
   330 | D:1      | Reached skill level 4 in Earth Magic
   330 | D:1      | Reached XP level 2. HP: 15/15 MP: 5/5
  1192 | D:1      | Reached XP level 3. HP: 18/20 MP: 6/6
  1720 | D:2      | Reached skill level 1 in Fighting
  1910 | D:2      | Reached skill level 1 in Maces & Flails
  1910 | D:2      | Reached XP level 4. HP: 11/25 MP: 7/7
  2254 | D:2      | You fall through a shaft for 2 floors!
  2255 | D:4      | Found a white marble altar of Elyvilon.
  2468 | D:4      | Learned a level 3 spell: Stone Arrow
  2558 | D:4      | Reached XP level 5. HP: 26/29 MP: 3/8
  3233 | D:3      | Reached skill level 1 in Short Blades
  3247 | D:3      | Reached XP level 6. HP: 33/34 MP: 7/9
  3464 | D:3      | Noticed Terence
  3514 | D:3      | Killed Terence
  3636 | D:3      | Noticed Robin
  3673 | D:3      | Killed Robin
  3957 | D:3      | Learned a level 2 spell: Passwall
  4210 | D:4      | Reached skill level 5 in Earth Magic
  4277 | D:4      | Noticed Blork the orc
  4301 | D:4      | Killed Blork the orc
  4504 | D:4      | Identified the Papyrus of Doomed Moulding
  4532 | D:4      | Reached XP level 7. HP: 39/40 MP: 11/11
  4761 | D:4      | Noticed Edmund
  4830 | D:4      | Killed Edmund
  4830 | D:4      | Reached skill level 1 in Armour
  5256 | D:4      | Found a runed door.
  5261 | D:4      | Learned a level 1 spell: Animate Skeleton
  5262 | D:4      | Noticed Crazy Yiuf
  5266 | D:4      | Killed Crazy Yiuf
  5347 | D:5      | Entered Level 5 of the Dungeon
  5688 | D:4      | Reached XP level 8. HP: 29/45 MP: 10/13
  5838 | D:5      | Found a sparkling altar of Nemelex Xobeh.
  6240 | D:5      | Found a staircase to the Ecumenical Temple.
  6248 | Temple   | Entered the Ecumenical Temple
  6385 | Temple   | Became a worshipper of Vehumet
  6765 | D:6      | Learned a level 4 spell: Petrify
  6792 | D:6      | Found an opulent altar of Gozag.
  7096 | D:6      | Noticed Pikel
  7129 | D:6      | Killed Pikel
  7129 | D:6      | Reached skill level 6 in Earth Magic
  7129 | D:6      | Reached XP level 9. HP: 46/51 MP: 9/15
  7322 | D:6      | Reached skill level 5 in Short Blades
  7369 | D:6      | Reached * piety under Vehumet
  7369 | D:6      | Offered knowledge of Magic Dart by Vehumet.
  7372 | D:6      | Slain by an orc warrior

Skill      XL: |  1  2  3  4  5  6  7  8  9 |
---------------+----------------------------+-----
Earth Magic    | 4 5 6 |  6.3
Fighting       | 1 2 3 |  3.6
Dodging        | 2 3 4 |  4.4
Maces & Flails | 1 2 |  2.0
Stealth        | 3 4 |  4.0
Short Blades   | 1 2 3 4 5 |  5.0
Armour         | 1 3 |  3.1
Spellcasting   | 3 4 |  4.0
Unarmed Combat | |  0.1
Transmutations | |  0.7

Action                   |  1- 3 |  4- 6 |  7- 9 || total
-------------------------+-------+-------+-------++-------
Melee: Whip              |   146 |    19 |       ||   165
       Unarmed           |     9 |       |    13 ||    22
       Dagger            |       |   209 |   283 ||   492
 Cast: Sandblast         |    14 |    13 |    21 ||    48
       Stone Arrow       |       |     2 |     3 ||     5
  Use: Scroll            |       |    11 |     3 ||    14
       Potion            |       |       |     1 ||     1
 Stab: Sleeping          |       |     3 |     2 ||     5
  Eat: Ration            |     1 |     1 |     3 ||     5
       Chunk             |       |     5 |     2 ||     7
Armor: Robe              |    42 |    50 |       ||    92
       Leather armour    |       |    34 |   112 ||   146
Dodge: Dodged            |   109 |   137 |   193 ||   439
